 Dungeon Crawl Stone Soup version 0.16.1-28-gcc2312f (webtiles) character file.

162 FlaggTheMystic the Magician (level 5, -3/28 HPs)
             Began as a Deep Elf Air Elementalist on June 4, 2015.
             Killed from afar by an orc wizard (9 damage)
             ... with a magic dart
             ... on level 3 of the Dungeon.
             The game lasted 00:22:24 (3215 turns).

FlaggTheMystic the Magician (DEAE)                  Turns: 3215, Time: 00:22:24

Health: -3/28      AC:  6    Str:  5    XL:     5   Next: 19%
Magic:  9/18       EV: 13    Int: 21    God:
Gold:   103        SH:  0    Dex: 15    Spells: 4 memorised, 3 levels left

rFire  . . .     SeeInvis .     (no weapon)
rCold  . . .     Clarity  .     a - +2 robe
rNeg   . . .     SustAb   .     (no shield)
rPois  .         Gourm    .     (no helmet)
rElec  .         Spirit   .     f - +1 cloak
rCorr  .         Warding  .     (no gloves)
rMut   .         Stasis   .     (no boots)
MR     .....                    (no amulet)
Stlth  +.........               (no ring)
                                (no ring)

@: confused, not resistant to hostile enchantments, very unstealthy
A: no striking features
a: no special abilities


You were on level 3 of the Dungeon.
You were not hungry.

You visited 1 branch of the dungeon, and saw 3 of its levels.

You collected 103 gold pieces.

Inventory:

Hand weapons
 g - a +1 hunting sling of flaming
Armour
 a - a +2 robe (worn)
 f - a +1 cloak (worn)
Magical devices
 c - a wand of slowing (1)
Scrolls
 d - a scroll of blinking {unknown}
 e - a scroll of recharging
Potions
 k - a potion of might {unknown}
Books
 b - a book of Air

   Spells                             Type                      Level
   a - Shock                          Conjuration/Air              1
   b - Swiftness                      Charms/Air                   2
   c - Repel Missiles                 Charms/Air                   2
   d - Flight                         Charms/Air                   3
   e - Static Discharge               Conjuration/Air              3
   f - Lightning Bolt                 Conjuration/Air              5
Comestibles
 h - a royal jelly


   Skills:
 + Level 3.1 Dodging
 + Level 3.0 Stealth
 + Level 4.4 Spellcasting
 + Level 1.9 Conjurations
 + Level 2.2 Charms
 * Level 4.2 Air Magic


You had 3 spell levels left.
You knew the following spells:

 Your Spells              Type           Power        Failure   Level  Hunger
a - Shock                 Conj/Air       ###.         3%          1    None
b - Swiftness             Chrm/Air       ###.....     6%          2    #......
c - Static Discharge      Conj/Air       ###.....     12%         3    ##.....
d - Flight                Chrm/Air       ###.......   12%         3    ##.....


Dungeon Overview and Level Annotations

Branches:
Dungeon (3/15)

Altars:
The Shining One


Message History

You're too confused to cast spells.
Found a pink potion.
An orc comes into view.
The orc shouts!
You bump into the rock wall.
Something barely misses you.
You're too confused to cast spells.
Sorry, you're not good enough to have a special ability.
You bump into the rock wall.
You feel less confused. The orc barely misses you.
Something hits you but does no damage. The orc barely misses you.
Found 9 gold pieces.
You see here 12 arrows.
Found a hunting sling.
You hear some strange, mumbled words.
You are confused.
You're too confused to move!
Something barely misses you. The orc barely misses you.
The magic dart hits you!
You die...

#..##..# #....## #.....#
##.#.# . #..#.## #.#.#
#.###).#.# #.#.#
#......#.# #!..#
####...#.######.(#######
...............{o.$....#
#####†...######..#####..#
#.....# ##@# #..#.w###
#...# #.....).##.....#
##†#...#..........
##..#......(......##
#..###...##.......# ##.##
###.###....)## ##..#
...##...## ...## ##.# #.#


You could see an orc.

Vanquished Creatures
  A worker ant (D:3)
  Ijyb (D:2)
  4 adders
  A worm (D:2)
  3 orcs (D:3)
  A ball python (D:1)
  3 giant cockroaches
  7 goblins
  6 hobgoblins
  8 jackals
  8 kobolds
  11 bats
  A giant gecko (D:2)
  3 giant newts
  12 rats
70 creatures vanquished.

Notes
Turn   | Place    | Note
--------------------------------------------------------------
     0 | D:1      | FlaggTheMystic, the Deep Elf Air Elementalist, began the quest for the Orb.
     0 | D:1      | Reached XP level 1. HP: 10/10 MP: 5/5
   371 | D:1      | Reached XP level 2. HP: 15/15 MP: 3/8
   537 | D:1      | Learned a level 2 spell: Swiftness
   993 | D:1      | Reached XP level 3. HP: 19/19 MP: 8/11
  1630 | D:2      | Learned a level 3 spell: Static Discharge
  1634 | D:2      | Learned a level 3 spell: Flight
  1814 | D:2      | Reached skill level 4 in Air Magic
  1998 | D:2      | Reached XP level 4. HP: 24/24 MP: 1/14
  2198 | D:2      | Reached skill level 1 in Charms
  2288 | D:2      | Found a glowing golden altar of the Shining One.
  2362 | D:2      | Noticed Ijyb
  2375 | D:2      | Killed Ijyb
  2869 | D:3      | Reached XP level 5. HP: 18/28 MP: 3/18
  3215 | D:3      | Killed from afar by an orc wizard

Action                   |  1- 3 |  4- 6 || total
-------------------------+-------+-------++-------
Melee: Unarmed           |     5 |       ||     5
 Cast: Shock             |    85 |    57 ||   142
       Static Discharge  |     1 |    11 ||    12
       Flight            |     1 |       ||     1
Evoke: Wand              |       |     1 ||     1
  Use: Scroll            |     5 |     2 ||     7
  Eat: Bread ration      |     1 |     1 ||     2
